 Dungeon Crawl Stone Soup version 0.30-b1-2-g02819fbbbe (webtiles) character file.

Game seed: 2576128416030427659

25 Mesmaeker13 the Shooter (level 3, 0/29 HPs)
             Began as a Barachi Hunter on May 9, 2023.
             Killed by divine providence
             ... invoked by an orc priest
              (12 damage)
             ... on level 2 of the Dungeon.
             The game lasted 00:01:08 (970 turns).

Mesmaeker13 the Shooter (Barachi Hunter)             Turns: 970, Time: 00:01:08

Health: 0/29       AC:  6    Str: 12    XL:     3   Next: 6%
Magic:  3/3        EV: 11    Int:  9    God:
Gold:   49         SH:  0    Dex: 17    Spells: 2/2 levels left

rFire   . . .        a - +0 shortbow
rCold   . . .        (shield currently unavailable)
rNeg    . . .        j - +0 ring mail
rPois   .            (no helmet)
rElec   .            (no cloak)
rCorr   .            h - +0 pair of gloves
SInv    .            (no boots)
Will    .....        (no amulet)
Stlth   +            (no ring)
HPRegen 0.24/turn    (no ring)
MPRegen 0.08/turn

%: no passive effects
@: unable to hop, slow
A: amphibious, slowness 1, strong legs 1, +LOS
a: Hop


You were on level 2 of the Dungeon.
You visited 1 branch of the dungeon, and saw 2 of its levels.

You collected 49 gold pieces.

Inventory:

Hand Weapons
 a - a +0 shortbow (weapon)
 k - a +0 spear
Armour
 h - a +0 pair of gloves (worn)
 j - a +0 ring mail (worn)
Scrolls
 b - 2 scrolls of immolation
 c - 2 scrolls of summoning {unknown}
 d - 2 scrolls of identify {unknown}
 g - a scroll of blinking {unknown}
 i - 2 scrolls of magic mapping {unknown}
 l - a scroll of poison {unknown}
Potions
 e - a potion of ambrosia {unknown}
 f - 2 potions of lignification {unknown}
 m - a potion of magic {unknown}


   Skills:
 + Level 3.0 Fighting
 * Level 4.5 Ranged Weapons
 + Level 2.6 Dodging
 - Level 0.8 Stealth


You had 2 spell levels left.
You didn't know any spells.
Your spell library contained the following spells:

 Spells                   Type           Power      Damage    Failure   Level
 Inner Flame              Hex/Fire       0%         N/A       95%         3
 Yara's Violent Unravell  Hex/Tmut       0%         3d3       100%        5
 Enfeeble                 Hex            0%         N/A       100%        7


Dungeon Overview and Level Annotations

Branches:
Dungeon (2/15)

Altars:


Innate Abilities, Weirdness & Mutations

You are amphibious.
You cover ground slowly.
You can hop short distances.
You have an extended range of vision and can be seen from far away.


Message History

You shoot an arrow. The arrow hits the endoplasm!
You kill the endoplasm!
Your Fighting skill increases to level 3!
No target in view!
No target in view!
No target in view!
Found a stone staircase leading up.
Found 6 stones.
You pick up a book of Misfortune and begin reading...
You add the spells Inner Flame, Yara's Violent Unravelling and Enfeeble to your library.
Found a whip.
Found a lajatang.
You see here a +0 lajatang.
You see here a +0 lajatang.
An orc priest and 2 orcs come into view.
Found 15 gold pieces.
The orc shouts! x3
The orc priest invokes the aid of Beogh against you.
Beogh smites you!
Unknown command.
Hop to where?
Press: ? - help, Dir - move target Boing!
You see here a +0 lajatang.
There is a stone staircase leading up here.
You shoot an arrow. The arrow barely misses the orc.
The arrow hits the orc but does no damage.
You shoot an arrow. The arrow hits the orc.
The orc is moderately wounded.
You shoot an arrow.
The arrow hits the orc but does no damage.
The orc is moderately wounded.
The orc hits you with a +0 mace.
You shoot an arrow. The arrow closely misses the orc. x2
The arrow closely misses the orc priest.
The orc hits you with a +0 mace. The orc hits you with a +0 whip.
The orc hits you from afar with a +0 trident.
The orc priest invokes the aid of Beogh against you.
Beogh smites you!
You die...

..........................<
########.###...............
#.# ####.###........
#.######.###.#######
#.##.........#######
#.##................
#.##..........######
#.######.###..#
#.#@####.###..#
#.#oo........(#.##.#
######.#o................
#........................
######.#o##....#...#..###
#.#.##....#.#.#.###o
#.#.##....#.#.#.##..
#.#.##....#.#.# #...
#.)..#....#.#.# #.~.


You could see an orc priest and 3 orcs.

Vanquished Creatures
  A dart slug (D:1)
  A ball python (D:1)
  4 endoplasms
  3 goblins
  3 hobgoblins
  2 quokkas
  2 bats (D:1)
  2 frilled lizards (D:1)
  2 rats
20 creatures vanquished.

Vanquished Creatures (others)
  4 toadstools (D:1)
4 creatures vanquished.

Grand Total: 24 creatures vanquished

Notes
Turn   | Place    | Note
-------+----------+-------------------------------------------
     0 | D:1      | Mesmaeker13 the Barachi Hunter began the quest for the Orb.
     0 | D:1      | Reached XP level 1. HP: 17/17 MP: 1/1
   209 | D:1      | Found a faded altar of an unknown god.
   219 | D:1      | Reached XP level 2. HP: 23/23 MP: 2/2
   803 | D:2      | Reached XP level 3. HP: 28/28 MP: 3/3
   970 | D:2      | Killed from afar by an orc priest

Illustrated notes

Levels and vault maps discovered:
D:1:      ldierk_walled_garden_2, layout_basic,
          shapermc_ecumenical_altar_starsandcircs
D:2:      cheibrodos_pilgrimage, layout_basic, roderic_st_hans_cross

Skill      XL: |  1  2  3 |
---------------+----------+-----
Fighting       | 3 |  3.0
Ranged Weapons | |  4.5
Dodging        | |  2.6
Stealth        | |  0.8

Action                     || total
---------------------------++-------
   Fire: Shortbow          ||    59
Ability: Hop               ||     1
 Armour: Leather armour    ||     5
         Ring mail         ||     2
  Dodge: Dodged            ||    19
